 Dungeon Crawl Stone Soup version 0.31-a0-233-g139696dc86 (webtiles) character file.

Game seed: 16940833398702046211

750 Decritt the Firebug (level 7, -4/57 HPs)
             Began as a Pale Draconian Fire Elementalist on July 8, 2023.
             Was an Initiate of Gozag.
             Slain by a two-headed ogre
             ... wielding a +0 giant club
              (11 damage)
             ... on level 9 of the Dungeon.
             The game lasted 00:13:09 (5140 turns).

Decritt the Firebug (DrFE)                          Turns: 5140, Time: 00:13:09

Health: -4/57      AC:  8    Str: 10    XL:     7   Next: 48%
Magic:  8/14       EV: 11    Int: 17    God:    Gozag
Gold:   381        SH:  4    Dex: 12    Spells: 12/15 levels left

rFire   . . .        q - +4 spear
rCold   . . .        g - +0 buckler
rNeg    . . .        (body armour unavailable)
rPois   .            (helmet restricted)
rElec   .            (no cloak)
rCorr   .            (no gloves)
SInv    .            m - +1 pair of boots
Will    .....        (no amulet)
Stlth   ++           y - ring of flight
HPRegen 0.29/turn    (no ring)
MPRegen 0.14/turn

%: no passive effects
@: short of breath, flying
A: breathe steam, AC +6, unfitting armour, cold-blooded, steam resistance
a: Breathe Steam, Renounce Religion, Potion Petition, Call Merchant, Bribe
Branch


You were on level 9 of the Dungeon.
You worshipped Gozag.
Gozag was aware of your devotion.
You visited 2 branches of the dungeon, and saw 8 of its levels.

You collected 466 gold pieces.
You paid 85 gold pieces to Gozag.

Inventory:

Hand Weapons
 d - a +0 war axe
 i - a +1 dagger of venom
 o - a +3 flail of protection
 q - a +4 spear (weapon)
Missiles
 t - a throwing net
Armour
 g - a +0 buckler (worn)
 m - a +1 pair of boots (worn)
Jewellery
 y - a ring of flight (left hand)
Wands
 e - a wand of flame (10)
 v - a wand of digging (4)
Scrolls
 f - a scroll of fear
 h - 2 scrolls of teleportation
 j - 2 scrolls of amnesia
Potions
 a - a potion of magic
 b - 3 potions of mutation
 c - 3 potions of curing
 k - 2 potions of brilliance
 l - a potion of enlightenment {unknown}
 n - a potion of resistance {unknown}
 p - a potion of heal wounds {unknown}
 r - 2 potions of ambrosia {unknown}
 s - a potion of berserk rage {unknown}


   Skills:
 + Level 3.5 Fighting
 - Level 1.7 Dodging
 - Level 1.7 Stealth
 + Level 2.0 Shields
 * Level 4.9 Spellcasting
 - Level 1.0 Conjurations
 + Level 1.0 Hexes
 * Level 6.3 Fire Magic


You had 12 spell levels left.
You knew the following spells:

 Your Spells              Type           Power      Damage    Failure   Level
a - Foxfire               Conj/Fire      64%        2x1d7     4%          1
b - Scorch                Fire           50%        2d7       2%          2

Your spell library contained the following spells:

 Spells                   Type           Power      Damage    Failure   Level
 Inner Flame              Hex/Fire       16%        N/A       14%         3
 Volatile Blastmotes      Fire/Tloc      30%        2d12      17%         3
 Necrotise                Necr           16%        1d4       22%         1
 Flame Wave               Conj/Fire      16%        2d7       41%         4
 Ozocubu's Armour         Ice            4%         N/A       54%         3
 Vampiric Draining        Necr           4%         2d6       54%         3
 Agony                    Necr           4%         N/A       99%         5
 Ozocubu's Refrigeration  Ice            2%         4d7       100%        7


Dungeon Overview and Level Annotations

Branches:
Dungeon (6/15)             Temple (1/1) D:5

Altars:
Ashenzari
Cheibriados
Fedhas
Gozag
Makhleb
Okawaru
Qazlal
Sif Muna
Wu Jian
Xom
The Shining One


Innate Abilities, Weirdness & Mutations

You can breathe blasts of scalding, opaque steam.
Your pale cyan-grey scales are hard. (AC +6)
You cannot fit into any form of body armour.
You are cold-blooded and may be slowed by cold attacks.
You are immune to the effects of steam.


Message History

You now have 381 gold pieces (gained 17).
Okay, then.
A two-headed ogre comes into view. It is wielding two +0 giant clubs.
A troll comes into view.
Found a stone staircase leading up.
Found 23 gold pieces.
Aiming: Breathe Steam (1% risk of failure)
Press: ? - help, Shift-Dir - straight line, f - two-headed ogre
Aim: a two-headed ogre, wielding two +0 giant clubs (86% to hit)
You exhale a blast of scalding steam.
The ball of steam hits the two-headed ogre.
The two-headed ogre is lightly wounded.
The troll shouts!
You hear an angry buzzing noise.
The two-headed ogre is engulfed in a cloud of scalding steam.
The two-headed ogre closely misses you.
The two-headed ogre hits you with a +0 giant club.
Casting: Scorch (safe; 2% risk of failure)
Confirm with . or Enter, or press ? or * to list all spells.
Flames lash the two-headed ogre.
The two-headed ogre is moderately wounded.
The two-headed ogre's fire resistance burns away.
The two-headed ogre is engulfed in a cloud of scalding steam.
The two-headed ogre closely misses you.
The two-headed ogre hits you with a +0 giant club!!
Casting: Scorch (safe; 2% risk of failure)
Confirm with . or Enter, or press ? or * to list all spells.
Flames lash the two-headed ogre.
The two-headed ogre is burned terribly!
The two-headed ogre is severely wounded.
The two-headed ogre hits you with a +0 giant club. x2
Casting: Scorch (safe; 2% risk of failure)
Confirm with . or Enter, or press ? or * to list all spells.
Flames lash the troll.
The troll is lightly wounded.
The troll's fire resistance burns away.
The two-headed ogre hits you with a +0 giant club!!
* * * LOW HITPOINT WARNING * * *
The two-headed ogre barely misses you.
The two-headed ogre hits you with a +0 giant club!
You die...
Your body crumbles into a pile of gold.

######## #......# ######
#......# ....< #....>[#
...#### #......# .......
######......###+###.....#.
................@OT......$
..####......#######.....##
#.# #........ .....# #..
###....... .....# ###.
#....... ...T.# .#
#......... .....#
....##......# ....## ....
........ #.... ##


You could see a two-headed ogre (combustible) and a troll (combustible).

Vanquished Creatures
  An ogre (D:5)
  2 scorpions
  3 wights
  3 hounds
  A sleepcap (D:4)
  Terence (D:3)
  3 iguanas
  3 gnolls (D:4)
  5 adders
  A white imp (D:5)
  An ufetubus (D:4)
  A worm (D:2)
  2 dart slugs
  An orc (D:4)
  8 ball pythons
  10 endoplasms
  A giant cockroach (D:2)
  9 goblins
  12 hobgoblins
  A quokka (D:3)
  5 bats
  2 frilled lizards (D:2)
  6 kobolds
  5 rats
87 creatures vanquished.

Vanquished Creatures (others)
  118 foxfires
118 creatures vanquished.

Grand Total: 205 creatures vanquished

Notes
Turn   | Place    | Note
-------+----------+-------------------------------------------
     0 | D:1      | Decritt the Draconian Fire Elementalist began the quest for
                  | the Orb.
     0 | D:1      | Reached XP level 1. HP: 14/14 MP: 3/3
   245 | D:1      | Reached XP level 2. HP: 22/22 MP: 3/5
   672 | D:1      | Reached skill level 1 in Fighting
   791 | D:2      | Reached XP level 3. HP: 9/28 MP: 6/6
  1303 | D:2      | Reached skill level 4 in Fire Magic
  1303 | D:2      | Reached XP level 4. HP: 11/36 MP: 3/8
  1545 | D:2      | Found a faded altar of an unknown god.
  2364 | D:3      | Noticed Terence
  2372 | D:3      | Noticed a scorpion
  2381 | D:3      | Killed Terence
  2382 | D:3      | Reached XP level 5. HP: 29/41 MP: 3/10
  2544 | D:3      | Found a glowing golden altar of the Shining One.
  2591 | D:3      | Learned a level 2 spell: Scorch
  3245 | D:4      | Found a stormy altar of Qazlal.
  3280 | D:4      | Reached XP level 6. HP: 44/50 MP: 2/12
  3382 | D:4      | Found an iron altar of Okawaru.
  3382 | D:4      | Found an opulent altar of Gozag.
  3417 | D:4      | Became a worshipper of Gozag Ym Sagoz the Greedy
  3626 | D:4      | Found a snail-covered altar of Cheibriados.
  3795 | D:4      | Found a burning altar of Makhleb.
  3805 | D:4      | Reached skill level 5 in Fire Magic
  3995 | D:5      | Entered Level 5 of the Dungeon
  4165 | D:5      | Reached skill level 1 in Shields
  4225 | D:5      | Found a staircase to the Ecumenical Temple.
  4231 | D:5      | Found a broken altar of Ashenzari.
  4367 | Temple   | Entered the Ecumenical Temple
  4554 | Temple   | Your scales start taking on a pale cyan-grey colour.
  4554 | Temple   | Reached skill level 6 in Fire Magic
  4554 | Temple   | Reached XP level 7. HP: 53/56 MP: 6/13
  4554 | Temple   | Gained mutation: You are immune to the effects of steam.
                  | [Pale Draconian growth]
  4645 | D:5      | Found a shimmering blue altar of Sif Muna.
  4924 | D:5      | Reached skill level 1 in Hexes
  5113 | D:6      | You are sucked into a shaft and drop 3 floors!
  5129 | D:9      | Noticed a two-headed ogre
  5130 | D:9      | Noticed a troll
  5140 | D:9      | Slain by a two-headed ogre

Illustrated notes

Levels and vault maps discovered:
D:1:      lightli_arrival_lavapool, layout_basic, serial_glass, glass_columns_c,
          glass_columns_c, bh_walls_and_bars
D:2:      layout_loops_corners, shapermc_ecumenical_altar_flowoftime,
          st_stairs_12, minmay_3d_cube
D:3:      layout_rooms, mainiacjoe_overflow_24_doors,
          minmay_goblin_kobold_house, uniq_terence
D:4:      layout_loops_cross, makhleb_heckhound_becter,
          nicolae_overflow_crystal_walls, gammafunk_temple_overflow_forgotten
D:5:      layout_cave_pools, mainiacjoe_overflow_surrounded_room,
          nicolae_ashenzari_skybound, minmay_temple_entry_ruins,
          solitary_fountain, patterned_corridor
D:6:      layout_basic, kennysheep_little_box, hex_tiny
D:9:      layout_rooms, kennysheep_orc_monster_closet_entryway,
          nicolae_concentric_dashed_squares_wild
Temple:   nicolae_temple_bog_church

Skill      XL: |  1  2  3  4  5  6  7 |
---------------+----------------------+-----
Fighting       | 1 2 3 |  3.5
Spellcasting   | 3 4 |  4.9
Fire Magic     | 4 6 |  6.3
Shields        | 1 2 |  2.0
Hexes          | 1 |  1.0
Dodging        | |  1.7
Stealth        | |  1.7
Conjurations   | |  1.0

Action                     |  1- 3 |  4- 6 |  7- 9 || total
---------------------------+-------+-------+-------++-------
  Melee: War axe           |    43 |       |       ||    43
         Unarmed           |     1 |       |       ||     1
         Tailslap          |     6 |     7 |       ||    13
         Dagger            |       |    18 |       ||    18
         Flail             |       |    45 |       ||    45
         Punch             |       |     1 |       ||     1
   Cast: Foxfire           |    37 |    30 |       ||    67
         Scorch            |       |    31 |     8 ||    39
Ability: Breathe Steam     |       |       |     4 ||     4
    Use: Scroll            |       |    16 |       ||    16
   Stab: Sleeping          |     2 |     3 |       ||     5
 Armour: Skin              |    26 |    41 |     3 ||    70
  Dodge: Dodged            |    60 |    92 |     9 ||   161
  Block: Buckler           |       |    10 |     1 ||    11

Table legend: (Time is in decaauts)
 A = Elapsed time spent in this place.
 B = Non-inter-level travel time spent in this place.
 C = Inter-level travel time spent in this place.
 D = Time resting spent in this place.
 E = Time spent auto-exploring this place.
 F = Levels seen in this place.
 G = Mean time per level.
                   A        B        C        D        E       F      G
               +--------+--------+--------+--------+--------+-----+--------+
         Total |   5192 |   5067 |    125 |    757 |   3395 |   8 |  649.0 |
       Dungeon |   4958 |   4833 |    125 |    552 |   3395 |   7 |  708.3 |
        Temple |    233 |    233 |      0 |    205 |      0 |   1 |  233.0 |
               +--------+--------+--------+--------+--------+-----+--------+

Top non-repeatable levels by time:
     D:2: 1486 daAuts
     D:4: 1174 daAuts
     D:3: 783 daAuts
     D:1: 754 daAuts
     D:5: 730 daAuts
  Temple: 233 daAuts
     D:9: 26 daAuts
     D:6: 2 daAuts
